 Dungeon Crawl Stone Soup version 0.21.0-3-g78d12a8 (webtiles) character file.

27 Ignatius881 the Firebug (level 2, -2/15 HPs)
             Began as a Deep Elf Fire Elementalist on Jan 9, 2018.
             Killed from afar by Natasha (7 damage)
             ... with a magic dart
             ... on level 2 of the Dungeon.
             The game lasted 00:04:57 (1586 turns).

Ignatius881 the Firebug (DEFE)                      Turns: 1586, Time: 00:04:58

Health: -2/15      AC:  3    Str:  5    XL:     2   Next: 93%
Magic:  2/8        EV: 13    Int: 19    God:
Gold:   47         SH:  0    Dex: 15    Spells: 5/8 levels left

rFire    . . .     SeeInvis .   h - +0 dagger
rCold    . . .     Gourm    .   (no shield)
rNeg     . . .     Faith    .   a - +0 robe
rPois    .         Spirit   .   (no helmet)
rElec    .         Reflect  .   (no cloak)
rCorr    .         Harm     .   (no gloves)
MR       .....                  d - +0 pair of boots
Stlth    +.........             (no amulet)
HPRegen  0.05/turn              g - ring of loudness (curse)
MPRegen  0.11/turn              (no ring)

@: no status effects
A: no striking features
a: no special abilities


You were on level 2 of the Dungeon.
You were not hungry.

You visited 1 branch of the dungeon, and saw 2 of its levels.

You collected 47 gold pieces.

Inventory:

Hand Weapons
 h - a +0 dagger (weapon)
   (You found it on level 1 of the Dungeon)
Missiles
 i - 2 stones (quivered)
Armour
 a - a +0 robe (worn)
 d - a +0 pair of boots (worn)
   (You found it on level 1 of the Dungeon)
Jewellery
 g - a cursed ring of loudness (left hand)
   (You found it on level 1 of the Dungeon)
Scrolls
 c - a scroll of amnesia {unknown}
Potions
 f - a potion of flight {unknown}
 k - a potion of mutation {unknown}
 l - a potion of might {unknown}
Books
 b - a book of Flames
Comestibles
 e - 3 rations


   Skills:
 - Level 2.4 Dodging
 - Level 2.4 Stealth
 + Level 3.5 Spellcasting
 * Level 2.4 Conjurations
 + Level 3.6 Fire Magic


You had 5 spell levels left.
You knew the following spells:

 Your Spells              Type           Power        Failure   Level  Hunger
a - Flame Tongue          Conj/Fire      ##...        4%          1    None
b - Throw Flame           Conj/Fire      ##....       6%          2    ##.....


Dungeon Overview and Level Annotations

Branches:
Dungeon (2/15)

Altars:
Qazlal

Annotations:
D:2 Natasha, Sigmund


Message History

You are very lightly contaminated with residual magic.
Strange energies run through your body.
Aim: a kobold The flame tongue hits the kobold.
Aim: a kobold (moderately wounded)
The flame tongue hits the kobold.
You kill the kobold!
You start resting.
Your magical contamination has completely faded away.
You see here a kobold corpse.
Sigmund the Dreaded comes into view.
He is wielding a scythe.
Sigmund points at you and mumbles some strange words.
The magic dart hits you!
Ouch! That really hurt!
* * * LOW HITPOINT WARNING * * *
Some of the chunks of flesh in your inventory have rotted away.
A leopard gecko comes into view.
There is an escape hatch in the ceiling here.
Really go through this one-way escape hatch?
A mysterious force pulls you upwards. The hatch slams shut behind you.
You start resting.
Eating one of 4 chunks of flesh.
You eat one of the 4 chunks of flesh.
Some of the chunks of flesh in your inventory have rotted away.
All of the chunks of flesh in your inventory have rotted away.
There is a stone staircase leading down here.
You climb downwards.
Level annotation: Sigmund
There is a stone staircase leading up here.
There is a stone staircase leading up here.
Natasha, Servant of Life and Death comes into view.
Natasha hisses angrily.
Aim: Natasha The flame tongue hits Natasha.
Natasha drinks a potion.
Natasha suddenly seems more agile.
Aim: Natasha (lightly wounded, unusually agile)
The flame tongue misses Natasha.
Natasha stares at you and mumbles some strange words.
The magic dart hits you!
Aim: Natasha (lightly wounded, unusually agile)
The flame tongue hits Natasha.
Natasha claws you.
* * * LOW HITPOINT WARNING * * *
Aim: Natasha (moderately wounded, unusually agile)
The flame tongue misses Natasha.
Natasha barely misses you.
Aim: Natasha (moderately wounded, unusually agile)
The flame tongue hits Natasha.
Natasha misses you.
Aim: Natasha (heavily wounded, unusually agile)
The flame tongue hits Natasha.
Natasha stares at you and mumbles some strange words.
The magic dart hits you!
You die...

#...#E#...#E#....
###÷###...#######
##.........#
#...._....#
#....÷....#
#####...###...
###.#E#...#E#
###.<.###...###
#.@...# ##.##
#h##.## #.. ...
#.# #### #### ...
..## ####


You could see Natasha.

Vanquished Creatures
  4 bats
  3 giant cockroaches
  2 goblins (D:2)
  4 hobgoblins
  4 jackals (D:1)
  2 kobolds
  A frilled lizard (D:1)
  3 rats (D:1)
23 creatures vanquished.

Notes
Turn   | Place    | Note
-------+----------+-------------------------------------------
     0 | D:1      | Ignatius881 the Deep Elf Fire Elementalist began the quest for the Orb.
     0 | D:1      | Reached XP level 1. HP: 10/10 MP: 6/6
   225 | D:1      | Reached XP level 2. HP: 11/15 MP: 0/8
  1196 | D:2      | Learned a level 2 spell: Throw Flame
  1252 | D:2      | Found a stormy altar of Qazlal.
  1252 | D:2      | Noticed a fire elemental
  1272 | D:2      | Noticed an air elemental
  1272 | D:2      | Noticed a water elemental
  1272 | D:2      | Noticed an earth elemental
  1383 | D:2      | Noticed Sigmund
  1580 | D:2      | Noticed Natasha
  1586 | D:2      | Killed from afar by Natasha

Skill      XL: |  1  2 |
---------------+-------+-----
Conjurations   | 2 |  2.4
Dodging        | |  2.4
Stealth        | |  2.4
Spellcasting   | |  3.5
Fire Magic     | |  3.6

Action                   || total
-------------------------++-------
 Cast: Flame Tongue      ||    46
       Throw Flame       ||     3
  Use: Scroll            ||     1
  Eat: Chunk             ||     2
Armor: Robe              ||    16
Dodge: Dodged            ||    35
